 Dungeon Crawl Stone Soup version 0.26-a0-639-g72c4674329 (webtiles) character file.

Game seed: 2915848680391071362

12991 DogServant the Thaumaturge (level 11, -7/66 HPs)
             Began as a Deep Elf Conjurer on Sept 15, 2020.
             Was a Believer of Vehumet.
             Hit by a large rock thrown by a cyclops (23 damage)
             ... on level 12 of the Dungeon.
             The game lasted 00:55:05 (16794 turns).

DogServant the Thaumaturge (Deep Elf Conjurer)     Turns: 16794, Time: 00:55:06

Health: -7/66      AC:  7    Str: 11    XL:     11   Next: 69%
Magic:  20/28      EV: 14    Int: 27    God:    Vehumet [**....]
Gold:   636        SH:  0    Dex: 13    Spells: 14/33 levels left

rFire    x . .     SeeInvis .   y - +4 dagger of Untiergh {vorpal, rPois rC- Str+7}
rCold    . . .     Faith    .   (no shield)
rNeg     . . .     Spirit   .   s - +1 steam dragon scales
rPois    +         Reflect  .   (no helmet)
rElec    .         Harm     .   (no cloak)
rCorr    .         Rampage  .   (no gloves)
MR       +....                  f - +0 pair of boots
Stlth    ++........             E - amulet of magic regeneration
HPRegen  0.21/turn              z - ring of wizardry
MPRegen  0.46/turn              B - ring of ice

@: no status effects
A: no striking features
a: Renounce Religion


You were on level 12 of the Dungeon.
You worshipped Vehumet.
Vehumet was pleased with you.
You visited 2 branches of the dungeon, and saw 13 of its levels.

You collected 733 gold pieces.
You spent 97 gold pieces at shops.

Inventory:

Hand Weapons
 m - a +6 vorpal flail
 y - the +4 dagger of Untiergh (weapon) {vorpal, rPois rC- Str+7}
   (You found it on level 7 of the Dungeon)

   It inflicts extra damage upon your enemies.
   It affects your strength (+7).
   It makes you vulnerable to cold.
   It protects you from poison.
 F - a +1 vampiric dagger
Armour
 a - a +0 robe
 c - the +5 scale mail of Gravitas {rElec rPois, unknown}
   (You found it on level 11 of the Dungeon)

   It insulates you from electricity.
   It protects you from poison.
 f - a +0 pair of boots (worn)
 s - +1 steam dragon scales (worn)
Jewellery
 p - an uncursed ring of protection from fire
 z - a ring of wizardry (left hand)
 B - a ring of ice (right hand)
 E - an amulet of magic regeneration (around neck)
 G - an uncursed ring of flight
Wands
 b - a wand of enslavement (18)
 d - a wand of polymorph (8)
 e - a wand of paralysis (7)
 t - a wand of flame (74)
 v - a wand of random effects (43)
Scrolls
 g - 8 scrolls of remove curse
 j - 3 scrolls of teleportation
 o - 3 scrolls of enchant weapon
 w - 4 scrolls of enchant armour
 A - a scroll of identify
 C - a scroll of fog
 D - 3 scrolls of amnesia
 H - a scroll of magic mapping
Potions
 h - a potion of haste
 i - 2 potions of magic {unknown}
 k - a potion of ambrosia
 l - 2 potions of curing
 n - 2 potions of lignification
 q - a potion of resistance
 r - 3 potions of heal wounds
 u - 2 potions of brilliance
 x - a potion of mutation {unknown}


   Skills:
 + Level 6.4 Fighting
 - Level 5.0 Dodging
 - Level 3.1 Stealth
 + Level 11.7 Spellcasting
 + Level 11.5 Conjurations
 + Level 10.3 Hexes
 + Level 7.0 Fire Magic


You had 14 spell levels left.
You knew the following spells:

 Your Spells              Type           Power        Failure   Level
a - Magic Dart            Conj           ####         1%          1
b - Searing Ray           Conj           ######       1%          2
c - Fulminant Prism       Conj/Hex       ######....   1%          4
d - Dazzling Flash        Conj/Hex       ######       1%          3
e - Fireball              Conj/Fire      ######....   1%          5
f - Iskenderun's Mystic   Conj/Tloc      #####...     1%          4

Your spell library contained the following spells:

 Spells                   Type           Power        Failure   Level
 Shock                    Conj/Air       ####         1%          1
 Beastly Appendage        Tmut           ###...       1%          1
 Foxfire                  Conj/Fire      ####         1%          1
 Sting                    Tmut/Pois      ###.         1%          1
 Conjure Flame            Conj/Fire      ######..     1%          3
 Ignite Poison            Fire/Tmut/Pois ####....     1%          3
 Inner Flame              Hex/Fire       ######..     1%          3
 Mephitic Cloud           Conj/Pois/Air  #####...     1%          3
 Sticky Flame             Conj/Fire      ######..     1%          4
 Poisonous Vapours        Pois/Air       ###...       2%          2
 Wereblood                Tmut           ###.....     2%          2
 Spider Form              Tmut/Pois      ###.......   4%          3
 Ice Form                 Ice/Tmut       ###.....     14%         4
 Olgreb's Toxic Radiance  Pois           ###.....     14%         4
 Blade Hands              Tmut           ###.......   36%         5


Dungeon Overview and Level Annotations

Branches:
Dungeon (12/15)            Temple (1/1) D:7            Lair (0/6) D:11
    Orc (0/2) D:9

Altars:
Ashenzari
Cheibriados
Dithmenos
Elyvilon
Fedhas
Gozag
Hepliaklqana
Kikubaaqudgha
Makhleb
Nemelex Xobeh
Okawaru
Qazlal
Ru
Sif Muna
Trog
Uskayaw
Vehumet
Wu Jian
Xom
Yredelemnul
Zin
The Shining One

Shops:
D:7 *

Annotations:
D:6 2 runed translucent doors
D:12 Erolcha


Message History

Confirm with . or Enter, or press ? or * to list all spells.
Press: ? - help, Shift-Dir - straight line The fireball explodes!
The fireball engulfs something but does no damage.
Unknown command.
Casting: Fireball (dangerous; 1% risk of failure)
Confirm with . or Enter, or press ? or * to list all spells.
Okay, then.
Casting: Fireball (dangerous; 1% risk of failure)
Confirm with . or Enter, or press ? or * to list all spells.
Press: ? - help, Dir - move target cursor You conjure a prism of explosive energy!
A fulminant prism comes into view.
You hear some strange, mumbled words.
A bolt of lightning appears from out of thin air!
The bolt of lightning hits you!! x2
* * * LOW HITPOINT WARNING * * *
Something tries to affect you, but you resist.
The cyclops throws a large rock.
The large rock hits you!!
You die...

.. .. .# . .# ..C
##.#(.... . #<....#
##/? ..°E...........
....#
.°####......###C..###
..[..#.#@.......
h#.####....*..^..
.... #........... 9.
.. ..$..........
.................>..
)....#..(...{..
.....##...#.... .....
#####.##.


You could see a cyclops and a friendly fulminant prism.

Vanquished Creatures
  A hydra (D:11)
  A two-headed ogre (D:8)
  An unseen horror (D:10)
  Pikel (D:8)
  2 cyclopes (D:11)
  An ugly thing (D:11)
  Joseph (D:9)
  Psyche (D:8)
  Maggie (D:7)
  A centaur skeleton (D:11)
  A komodo dragon (D:11)
  A troll (D:11)
  A slime creature (D:11)
  3 hippogriffs
  10 yaks
  A wyvern (D:10)
  A vampire mosquito (D:11)
  A basilisk (D:11)
  A soldier ant (D:10)
  3 ice beasts
  5 orc warriors
  2 sky beasts
  A black bear (D:11)
  2 necrophages
  2 phantoms
  7 centaurs
  2 ogres
  2 lemures
  A crocodile (D:11)
  5 bullfrogs
  3 big kobolds
  3 scorpions
  7 wights
  6 howler monkeys
  2 bullfrog zombies
  2 centaur zombies
  6 hounds
  6 jellies
  15 orc wizards
  6 orc priests
  Crazy Yiuf (D:3)
  A bullfrog skeleton (D:5)
  Terence (D:2)
  An iguana (D:10)
  8 worker ants
  A killer bee zombie (D:8)
  2 hound zombies
  2 hound skeletons
  11 gnolls
  2 howler monkey skeletons
  15 adders
  A river rat (D:4)
  A shadow imp (D:9)
  A white imp (D:7)
  2 ufetubi
  5 oozes (D:11)
  2 adder skeletons (D:4)
  A worm (D:3)
  3 dart slugs
  4 leopard geckos
  40 orcs
  2 giant cockroaches
  2 gnoll zombies (D:9)
  5 goblins
  10 hobgoblins
  11 jackals
  2 quokkas
  2 ball pythons
  7 bats
  4 frilled lizards
  A jackal skeleton (D:4)
  15 kobolds
  A leopard gecko zombie (D:4)
  A quokka skeleton (D:4)
  10 rats
  28 fulminant prisms
325 creatures vanquished.

Vanquished Creatures (others)
  74 fulminant prisms
74 creatures vanquished.

Grand Total: 399 creatures vanquished

Notes
Turn   | Place    | Note
-------+----------+-------------------------------------------
     0 | D:1      | DogServant the Deep Elf Conjurer began the quest for the
                  | Orb.
     0 | D:1      | Reached XP level 1. HP: 10/10 MP: 6/6
   144 | D:1      | Reached XP level 2. HP: 15/15 MP: 4/8
   504 | D:1      | Reached skill level 5 in Conjurations
  1030 | D:2      | Reached XP level 3. HP: 19/19 MP: 5/9
  1035 | D:2      | Learned a level 2 spell: Searing Ray
  1221 | D:2      | Noticed Terence
  1228 | D:2      | Killed Terence
  1707 | D:2      | Found an ancient bone altar of Kikubaaqudgha.
  2244 | D:3      | Reached XP level 4. HP: 24/24 MP: 9/11
  2789 | D:3      | Found a glowing golden altar of the Shining One.
  2879 | D:3      | Reached XP level 5. HP: 28/28 MP: 7/13
  3030 | D:3      | Reached skill level 1 in Fighting
  3083 | D:3      | Found a runed translucent door.
  3084 | D:3      | Noticed Crazy Yiuf
  3344 | D:3      | Killed Crazy Yiuf
  3761 | D:4      | Found a sacrificial altar of Ru.
  3872 | D:4      | Found a shimmering altar of Xom.
  4154 | D:4      | Noticed an orc warrior
  4160 | D:4      | Killed an orc warrior
  4160 | D:4      | Reached skill level 5 in Spellcasting
  4160 | D:4      | Reached XP level 6. HP: 35/35 MP: 9/15
  4293 | D:4      | Found a glowing drain.
  4913 | D:5      | Entered Level 5 of the Dungeon
  5071 | D:5      | Reached XP level 7. HP: 40/40 MP: 14/17
  5292 | D:5      | Found a glowing silver altar of Zin.
  5292 | D:5      | Found a shattered altar of Ashenzari.
  5552 | D:5      | Learned a level 4 spell: Fulminant Prism
  5556 | D:5      | Learned a level 3 spell: Dazzling Flash
  5698 | D:5      | Reached skill level 1 in Hexes
  6003 | D:5      | Reached XP level 8. HP: 27/46 MP: 8/20
  6947 | D:6      | Found a runed translucent door.
  6948 | D:6      | Found a runed translucent door.
  7293 | D:7      | Found Ypleost's Island Escapes.
  7311 | D:7      | Bought a scroll of blinking for 97 gold pieces
  7390 | D:7      | Noticed Maggie
  7405 | D:7      | Killed Maggie
  7405 | D:7      | Reached skill level 5 in Hexes
  7651 | D:7      | Found a staircase to the Ecumenical Temple.
  7659 | D:7      | Reached XP level 9. HP: 50/52 MP: 18/23
  7673 | Temple   | Entered the Ecumenical Temple
  8286 | D:7      | Got a translucent dagger
  8298 | D:7      | Learned a level 5 spell: Fireball
  8298 | D:7      | Identified the +4 dagger of Untiergh {vorpal, rPois rC-
                  | Str+7} (You found it on level 7 of the Dungeon)
  8662 | D:7      | Found a snail-covered altar of Cheibriados.
  8699 | D:8      | Noticed Psyche
  8702 | D:8      | Reached skill level 1 in Fire Magic
  8706 | D:8      | Killed Psyche
  8713 | D:8      | Noticed Pikel
  8713 | D:8      | Noticed a two-headed ogre
  8855 | D:8      | Reached skill level 5 in Fighting
  9253 | D:8      | Killed Pikel
  9367 | D:8      | Reached XP level 10. HP: 52/59 MP: 7/25
 10167 | D:8      | Found a radiant altar of Vehumet.
 10171 | D:8      | Reached skill level 10 in Conjurations
 10178 | D:8      | Became a worshipper of Vehumet
 10227 | D:8      | Killed a two-headed ogre
 10227 | D:8      | Reached skill level 5 in Dodging
 10640 | D:8      | Found a burning altar of Makhleb.
 10641 | D:8      | Found a bloodstained altar of Trog.
 11083 | D:9      | Found a basalt altar of Yredelemnul.
 11121 | D:9      | Found a shadowy altar of Dithmenos.
 11415 | D:9      | Found a staircase to the Orcish Mines.
 11556 | D:9      | Noticed Joseph
 11566 | D:9      | Killed Joseph
 11566 | D:9      | Reached skill level 10 in Spellcasting
 12118 | D:10     | Entered Level 10 of the Dungeon
 12466 | D:10     | Reached skill level 5 in Fire Magic
 12728 | D:10     | HP: 2/59 [orc warrior/+0 scimitar (14)]
 12734 | D:10     | HP: 2/59 [something (1)]
 12735 | D:10     | Killed an unseen horror
 13112 | D:10     | Reached XP level 11. HP: 64/64 MP: 14/27
 13118 | D:10     | Learned a level 4 spell: Iskenderun's Mystic Blast
 13697 | D:11     | Got a pitted scale mail
 13705 | D:11     | Noticed a cyan ugly thing
 13974 | D:11     | Noticed a four-headed hydra
 13982 | D:11     | Killed a four-headed hydra
 14448 | D:11     | Reached * piety under Vehumet
 14448 | D:11     | Offered knowledge of Freeze by Vehumet.
 15299 | D:11     | Offered knowledge of Shock by Vehumet.
 15299 | D:11     | Reached ** piety under Vehumet
 15458 | D:11     | Reached skill level 10 in Hexes
 15816 | D:11     | Found a staircase to the Lair.
 15878 | D:11     | Killed a cyan ugly thing
 16791 | D:12     | Noticed Erolcha
 16794 | D:12     | Hit by a large rock thrown by a cyclops

Illustrated notes

Levels and vault maps discovered:
D:1:      psy_arrival_fountain, layout_loops_cross
D:2:      layout_basic, lemuel_crystal_altar, minmay_between, uniq_terence
D:3:      layout_basic, tso_oasis_becter, uniq_crazy_yiuf_cottage
D:4:      layout_basic, xom_teletrap_fun, nicolae_ru_sacrificial_ziggurat,
          portal_sewer_entry_c, kennysheep_donut
D:5:      layout_basic, chequers_temple_overflow_statue_of_worship, st_stairs_6
D:6:      lemuel_insect_pit, layout_basic
D:7:      layout_loops_ring, lemuel_coloured_pillars_altar,
          minmay_temple_entry_arrows, nicolae_island_escapes, uniq_maggie
D:8:      layout_layer_cave, grunt_temple_overflow_open, vehumet_altar_wand_db,
          uniq_psyche, uniq_pikel
D:9:      layout_long_grid, overflow_temple_1_default,
          lemuel_zombie_altar_yredelemnul, uniq_joseph
D:10:     cheibrodos_helix_gallery, layout_long_grid, minmay_misc_feat_ornament
D:11:     cheibrodos_fzero, layout_irregular_city, lair_entry_dummy,
          hangedman_little_slice_of_home
D:12:     layout_rooms, special_room [special_room_bee], uniq_erolcha,
          uniq_frances, uniq_azrael
Temple:   eino_wide_crystal_templ

Skill      XL: |  1  2  3  4  5  6  7  8  9 10 11 |
---------------+----------------------------------+-----
Conjurations   | 5 6 7 8 9 10 11 | 11.5
Stealth        | 3 |  3.1
Spellcasting   | 4 5 6 8 9 10 11 | 11.7
Fighting       | 1 2 3 4 5 6 |  6.4
Hexes          | 2 5 6 9 10 | 10.3
Fire Magic     | 3 5 7 |  7.0
Dodging        | 4 5 |  5.0

Action                   |  1- 3 |  4- 6 |  7- 9 | 10-12 || total
-------------------------+-------+-------+-------+-------++-------
Melee: Dagger            |     7 |       |    17 |    24 ||    48
       Flail             |       |    23 |       |       ||    23
 Cast: Magic Dart        |    58 |    64 |   113 |    81 ||   316
       Searing Ray       |     2 |    18 |    62 |    60 ||   142
       Fulminant Prism   |       |       |    16 |    87 ||   103
       Dazzling Flash    |       |       |     1 |     6 ||     7
       Fireball          |       |       |       |     4 ||     4
Evoke: Wand              |       |       |     2 |       ||     2
  Use: Scroll            |     5 |     6 |     5 |    10 ||    26
       Potion            |       |     3 |     2 |     2 ||     7
 Stab: Sleeping          |     1 |     2 |       |       ||     3
Armor: Robe              |     3 |    10 |     3 |       ||    16
       Steam dragon scal |       |       |    12 |    50 ||    62
Dodge: Dodged            |     6 |    27 |    43 |    81 ||   157

Table legend: (Time is in decaauts)
 A = Elapsed time spent in this place.
 B = Non-inter-level travel time spent in this place.
 C = Inter-level travel time spent in this place.
 D = Time resting spent in this place.
 E = Time spent auto-exploring this place.
 F = Levels seen in this place.
 G = Mean time per level.
                   A        B        C        D        E       F      G
               +--------+--------+--------+--------+--------+-----+--------+
         Total |  16775 |  16246 |    529 |   6105 |   7854 |  13 | 1290.4 |
       Dungeon |  16683 |  16160 |    523 |   6105 |   7779 |  12 | 1390.2 |
        Temple |     91 |     85 |      6 |      0 |     75 |   1 |   91.0 |
               +--------+--------+--------+--------+--------+-----+--------+

Top non-repeatable levels by time:
    D:11: 2495 daAuts
     D:8: 1845 daAuts
     D:7: 1770 daAuts
     D:9: 1683 daAuts
    D:10: 1596 daAuts
     D:3: 1381 daAuts
     D:5: 1308 daAuts
     D:4: 1285 daAuts
     D:2: 1262 daAuts
     D:6: 1067 daAuts
     D:1: 970 daAuts
  Temple: 91 daAuts
    D:12: 15 daAuts
